[Event "December 19 Late 2023"]
[Site "https://www.chess.com"]
[Date "2023.12.19"]
[Round "5"]
[White "Bortnyk, Olexandr"]
[Black "Gokerkan, Cem Kaan"]
[Result "1-0"]
[Board "12"]
[TimeControl "180+1"]
[WhiteFideId "14120828"]
[BlackFideId "6336760"]
[WhiteElo "2731"]
[BlackElo "2365"]
[WhiteTeam "UKR"]
[BlackTeam "TUR"]
[WhiteClock "0:00:43"]
[BlackClock "0:00:32"]

1. e4 c5 2. c3 Nf6 3. e5 Nd5 4. d4 cxd4 5. Nf3 d6 6. cxd4 dxe5 7. Nxe5 Nc6 8. Bc4 e6 9. O-O Bd6 10. Nf3 O-O 11. Nc3 Nxc3 12. bxc3 b6 13. d5 Na5 14. Bd3 exd5 15. Ng5 h6 16. Qh5 Nc4 17. Rd1 Qf6 18. Nh7 Qxc3 19. Bxh6 gxh6 20. Qxh6 Be7 21. Nf6+ 1-0

[Event "December 19 Late 2023"]
[Site "https://www.chess.com"]
[Date "2023.12.19"]
[Round "5"]
[White "Crasyhealer"]
[Black "Khismatullin, Denis"]
[Result "1/2-1/2"]
[Board "13"]
[TimeControl "180+1"]
[BlackFideId "4142578"]
[WhiteElo "2475"]
[BlackElo "2552"]
[BlackTeam "RUS"]
[WhiteClock "0:00:13"]
[BlackClock "0:00:04"]

1. c4 c5 2. Nc3 g6 3. Nf3 Bg7 4. d4 cxd4 5. Nxd4 Nc6 6. Nc2 d6 7. e4 Bxc3+ 8. bxc3 Nf6 9. f3 Qa5 10. Bd2 Be6 11. Nd4 Rc8 12. Rb1 b6 13. c5 Qxc5 14. Nxc6 Rxc6 15. Bb5 O-O 16. Bxc6 Qxc6 17. O-O Bxa2 18. Ra1 Bc4 19. Re1 a5 20. Bh6 Qc5+ 21. Be3 Qc7 22. Qd4 b5 23. Bg5 Kg7 24. g4 h6 25. Bxf6+ exf6 26. h4 Re8 27. g5 hxg5 28. hxg5 Re6 29. f4 a4 30. gxf6+ Rxf6 31. Kg2 Qc5 32. e5 Qxd4 33. cxd4 dxe5 34. fxe5 Bd5+ 35. Kg1 Ra6 36. Reb1 Bc4 37. d5 a3 38. d6 Kf8 39. Kf2 a2 40. Rh1 Ke8 41. Ke3 b4 42. Kd4 Be6 43. Kc5 b3 44. Rh2 Kd7 45. Kb5 Ra8 46. Rc1 Rb8+ 47. Ka6 Rc8 48. Ra1 Rc2 49. Rxc2 bxc2 50. Kb5 g5 51. Kb4 Kc6 52. Kc3 Kd5 53. d7 Bxd7 54. Kxc2 Kxe5 55. Rxa2 f5 56. Kd2 Bc6 57. Ra5+ Kf4 58. Ke2 g4 59. Kf2 g3+ 60. Kg1 Kg4 61. Ra6 Be4 62. Rg6+ Kf3 63. Rb6 f4 64. Rb3+ Kg4 65. Rb4 Kf5 66. Rb5+ Kg4 67. Rb4 Kf5 68. Rb5+ Kg4 69. Rb4 1/2-1/2

[Event "December 19 Late 2023"]
[Site "https://www.chess.com"]
[Date "2023.12.19"]
[Round "5"]
[White "Nakamura, Hikaru"]
[Black "Boruchovsky, Avital"]
[Result "1-0"]
[Board "14"]
[TimeControl "180+1"]
[WhiteFideId "2016192"]
[BlackFideId "2800055"]
[WhiteElo "2874"]
[BlackElo "2450"]
[WhiteTeam "USA"]
[BlackTeam "ISR"]
[WhiteClock "0:01:15"]
[BlackClock "0:00:00"]

1. Nf3 d5 2. e3 Nf6 3. b3 c5 4. Bb2 g6 5. Bxf6 exf6 6. c3 Be7 7. d4 b6 8. Bb5+ Kf8 9. O-O Kg7 10. Be2 Be6 11. Ne1 h5 12. Nd3 Bd6 13. Bf3 Nd7 14. g3 h4 15. Nd2 Rc8 16. Bg2 f5 17. Rc1 Nf6 18. dxc5 bxc5 19. c4 hxg3 20. hxg3 Qg8 21. cxd5 Qh7 22. Re1 Bxd5 23. Bxd5 Nxd5 24. Qf3 Bxg3 25. Kf1 Qh1+ 26. Ke2 Qxf3+ 27. Nxf3 Bd6 28. Red1 Be7 29. Rc2 Nf6 30. Nde5 Ne4 31. Rd7 Kf6 32. Rxa7 g5 33. Nd2 Nd6 34. Ndc4 Rh2 35. Nd7+ Ke6 36. Ncb6 Rch8 37. Nxc5+ Kf6 38. Nd5+ Ke5 39. Nxe7 Rxf2+ 40. Kxf2 Rh2+ 41. Kg1 Rxc2 42. b4 f4 43. Nc6+ Kd5 44. Ne7+ Kc4 45. exf4 gxf4 46. Rc7 Rc1+ 47. Kg2 Kb5 48. a4+ Kxb4 49. Nd3+ 1-0

[Event "December 19 Late 2023"]
[Site "https://www.chess.com"]
[Date "2023.12.19"]
[Round "5"]
[White "Caruana, Fabiano"]
[Black "Gunduz, Umut Erdem"]
[Result "1-0"]
[Board "15"]
[TimeControl "180+1"]
[WhiteFideId "2020009"]
[BlackFideId "6381383"]
[WhiteElo "2815"]
[BlackElo "2182"]
[WhiteTeam "USA"]
[BlackTeam "TUR"]
[WhiteClock "0:01:35"]
[BlackClock "0:00:05"]

1. f4 e5 2. fxe5 d6 3. Nf3 dxe5 4. Nxe5 Bd6 5. Nf3 Bg4 6. e3 Nc6 7. Bb5 Ne7 8. O-O O-O 9. Nc3 a6 10. Be2 Ng6 11. Ne4 Be7 12. Nf2 Be6 13. d4 f5 14. c4 Bf7 15. Bd2 Bf6 16. Bc3 Re8 17. Qd2 Qe7 18. d5 Nce5 19. Nd4 Qd7 20. Nh3 f4 21. Nxf4 Nxf4 22. exf4 Ng4 23. f5 Ne5 24. Ne6 c6 25. Rad1 cxd5 26. cxd5 Rac8 27. Kh1 b5 28. Qf4 Qd6 29. Bb4 Qb6 30. Qg3 Nc4 31. Bc3 Bxc3 32. bxc3 Bxe6 33. fxe6 Ne3 34. Rf7 g6 35. Qe5 Nf5 36. Rxf5 gxf5 37. Rd3 Rc4 38. Rg3+ 1-0

[Event "December 19 Late 2023"]
[Site "https://www.chess.com"]
[Date "2023.12.19"]
[Round "5"]
[White "Fedoseev, Vladimir"]
[Black "Boyer, Mahel"]
[Result "1-0"]
[Board "16"]
[TimeControl "180+1"]
[WhiteFideId "24130737"]
[BlackFideId "45102422"]
[WhiteElo "2719"]
[BlackElo "2449"]
[WhiteTeam "SLO"]
[BlackTeam "FRA"]
[WhiteClock "0:00:22"]
[BlackClock "0:00:02"]

1. e4 Nc6 2. d4 d5 3. e5 Bf5 4. c3 e6 5. Bd3 Nge7 6. Ne2 h5 7. Bg5 Qd7 8. h4 Bxd3 9. Qxd3 Nf5 10. Nd2 Be7 11. Nf3 f6 12. Bf4 O-O-O 13. b4 fxe5 14. Bxe5 Bf6 15. b5 Na5 16. a4 Nd6 17. Nf4 Ne4 18. O-O Qe8 19. Rfe1 Rf8 20. Rxe4 dxe4 21. Qxe4 Nc4 22. a5 Qxb5 23. Nxe6 Bxe5 24. Nxd8 Rxd8 25. dxe5 Nxa5 26. Nd4 Qd5 27. Qf5+ Kb8 28. Qxh5 Nc4 29. Re1 a5 30. Qg5 Re8 31. e6 Qxg5 32. hxg5 a4 33. f4 Nd6 34. g4 g6 35. Nf3 a3 36. Nh4 a2 37. f5 gxf5 38. gxf5 Nxf5 39. Nxf5 Rxe6 40. Ra1 Re5 41. Rxa2 Rxf5 42. Rg2 Rf7 43. Kh2 Rg7 44. Kh3 Ka7 45. Kg4 Kb6 46. Kf5 Rf7+ 47. Ke6 Rf8 48. g6 Kc5 49. Rg4 b5 50. g7 Rb8 51. g8=Q Rxg8 52. Rxg8 Kc4 53. Rc8 c5 54. Kd6 Kxc3 55. Kxc5 b4 56. Kb5+ Kb3 57. Rc4 Ka3 58. Rxb4 1-0

[Event "December 19 Late 2023"]
[Site "https://www.chess.com"]
[Date "2023.12.19"]
[Round "5"]
[White "Goltsev, Dmitry"]
[Black "Van Foreest, Jorden"]
[Result "1-0"]
[Board "17"]
[TimeControl "180+1"]
[WhiteFideId "24176710"]
[BlackFideId "1039784"]
[WhiteElo "2370"]
[BlackElo "2664"]
[WhiteTeam "RUS"]
[BlackTeam "NED"]
[WhiteClock "0:00:13"]
[BlackClock "0:00:17"]

1. e4 c6 2. d4 d5 3. Nc3 b5 4. exd5 b4 5. Ne4 cxd5 6. Nc5 Qb6 7. Nf3 Nc6 8. c3 e5 9. Na4 Qc7 10. dxe5 Bg4 11. Qxd5 Rd8 12. Qe4 Bxf3 13. Qxf3 Nxe5 14. Bb5+ Ke7 15. Qe2 Kf6 16. h4 h6 17. Bg5+ hxg5 18. hxg5+ Kxg5 19. Rxh8 Nf6 20. Rd1 Rxd1+ 21. Qxd1 Bd6 22. Qd2+ Kf5 23. cxb4 Ne4 24. Bd3 Nxd3+ 25. Qxd3 Bxb4+ 26. Ke2 Ke5 27. Re8+ Be7 28. Nc3 Nf6 29. Qg3+ 1-0

[Event "December 19 Late 2023"]
[Site "https://www.chess.com"]
[Date "2023.12.19"]
[Round "5"]
[White "Paravyan, David"]
[Black "Annaberdiyev, Meylis"]
[Result "1-0"]
[Board "18"]
[TimeControl "180+1"]
[WhiteFideId "4194985"]
[BlackFideId "14000563"]
[WhiteElo "2566"]
[BlackElo "2405"]
[WhiteTeam "FID"]
[BlackTeam "TKM"]
[WhiteClock "0:01:32"]
[BlackClock "0:00:00"]

1. e4 c5 2. Nf3 Nc6 3. d4 cxd4 4. Nxd4 e5 5. Nb5 d6 6. N1c3 a6 7. Na3 Be7 8. Nd5 Nf6 9. Bd3 O-O 10. O-O Be6 11. c4 Nd4 12. Be3 Bxd5 13. exd5 Nd7 14. f4 Rc8 15. Kh1 Bf6 16. fxe5 dxe5 17. Nc2 Nc5 18. Bxd4 exd4 19. Bf5 d3 20. Ne1 Bxb2 21. Rb1 Bc3 22. Nxd3 Rc7 23. Nxc5 Rxc5 24. Qd3 Be5 25. Bxh7+ Kh8 26. Qh3 Qg5 27. Rf5 1-0

[Event "December 19 Late 2023"]
[Site "https://www.chess.com"]
[Date "2023.12.19"]
[Round "5"]
[White "Bortnyk, Mykola"]
[Black "Solon, Nathan"]
[Result "1-0"]
[Board "19"]
[TimeControl "180+1"]
[WhiteFideId "14120836"]
[BlackFideId "2017229"]
[WhiteElo "2592"]
[BlackElo "2665"]
[WhiteTeam "UKR"]
[BlackTeam "USA"]
[WhiteClock "0:01:55"]
[BlackClock "0:00:00"]

1. e4 c5 2. Nf3 Nf6 3. e5 Nd5 4. c3 d6 5. d4 cxd4 6. cxd4 Nc6 7. Bc4 dxe5 8. Bxd5 Qxd5 9. Nc3 Qd6 10. d5 Nd4 11. Nxd4 exd4 12. Qxd4 e5 13. Qe4 Be7 14. f4 f6 15. fxe5 Qxe5 16. Qxe5 fxe5 17. O-O Bd7 18. Re1 O-O 19. Rxe5 Bd6 20. Re1 Rae8 21. Be3 Rxe3 22. Rxe3 Bc5 23. Re1 Rf5 24. h3 h5 25. Kh2 Bxe3 26. Rxe3 Rf2 27. Re7 Rf7 28. Rxf7 Kxf7 29. Kg3 Kf6 30. Kf4 g5+ 31. Ke4 h4 32. Kd4 Kf5 33. Ne4 Kf4 34. Nf6 Bf5 35. d6 Kg3 36. Ke5 Bc8 37. Ne4+ Kxg2 38. Nxg5 Kg3 39. b4 b5 40. a3 Bd7 41. Kf6 1-0

[Event "December 19 Late 2023"]
[Site "https://www.chess.com"]
[Date "2023.12.19"]
[Round "5"]
[White "Manukyan, Sargis A."]
[Black "Makarian, Rudik"]
[Result "0-1"]
[Board "20"]
[TimeControl "180+1"]
[WhiteFideId "13303970"]
[BlackFideId "44105681"]
[WhiteElo "2186"]
[BlackElo "2540"]
[WhiteTeam "ARM"]
[BlackTeam "FID"]
[WhiteClock "0:00:00"]
[BlackClock "0:00:22"]

1. d4 g6 2. c4 Bg7 3. Nc3 c5 4. d5 Bxc3+ 5. bxc3 f5 6. Nf3 d6 7. Bg5 Qa5 8. Qd2 Nd7 9. h4 Ngf6 10. Bxf6 Nxf6 11. Rc1 Ne4 12. Qc2 e5 13. Ng5 Nxg5 14. hxg5 Bd7 15. e3 Qd8 16. f4 Qe7 17. Kf2 O-O-O 18. g3 Rde8 19. Qd2 h6 20. gxh6 Qf8 21. Bg2 Rxh6 22. Rxh6 Qxh6 23. Rh1 Qg7 24. Qc1 Kb8 25. Bf3 b6 26. Rh2 Bc8 27. Bd1 g5 28. Ba4 Rg8 29. fxe5 Qxe5 30. Rh7 f4 31. exf4 Qe4 32. Bc2 Qxc4 33. Qe3 Qxa2 34. Qe2 gxf4 35. gxf4 Bf5 36. Bxf5 Rg2+ 37. Kxg2 Qxe2+ 38. Kg3 b5 39. Rh8+ Kc7 40. Rc8+ Kb7 41. Bd7 Qd3+ 42. Kg4 Qg6+ 43. Kf3 Qf7 44. Be6 Qg7 45. f5 Qxc3+ 46. Kg4 b4 47. Kg5 Qg7+ 48. Kf4 b3 0-1

[Event "December 19 Late 2023"]
[Site "https://www.chess.com"]
[Date "2023.12.19"]
[Round "5"]
[White "Esipenko, Andrey"]
[Black "Sturt, Raven"]
[Result "1-0"]
[Board "21"]
[TimeControl "180+1"]
[WhiteFideId "24175439"]
[BlackFideId "2007304"]
[WhiteElo "2615"]
[BlackElo "2408"]
[WhiteTeam "FID"]
[BlackTeam "USA"]
[WhiteClock "0:00:10"]
[BlackClock "0:00:00"]

1. Nf3 f5 2. d3 Nc6 3. e4 e5 4. d4 fxe4 5. Nxe5 Nf6 6. Nc3 Bd6 7. Nc4 O-O 8. Nxd6 cxd6 9. d5 Ne5 10. Be2 b6 11. Bg5 Nf7 12. Bh4 Re8 13. O-O Bb7 14. Qd4 Rc8 15. Rae1 Re5 16. Bc4 Qc7 17. b3 Qc5 18. Qd2 Qa5 19. Qd4 Qc5 20. Qd1 g5 21. Bg3 Re7 22. h4 Rce8 23. Qd2 e3 24. fxe3 Ng4 25. Nd1 b5 26. Be2 Nxe3 27. Nxe3 Qxe3+ 28. Qxe3 Rxe3 29. Bh5 Rxe1 30. Bxe1 Re7 31. c4 bxc4 32. bxc4 Ne5 33. Bd2 h6 34. hxg5 hxg5 35. Bxg5 Rh7 36. Be2 Ba6 37. Rf4 Rf7 38. Bf6 Ng6 39. Rf2 Ne5 40. Bxe5 dxe5 41. c5 Bxe2 42. Rxe2 Rf5 43. Rf2 Rg5 44. c6 dxc6 45. dxc6 Rg7 46. Rc2 Rc7 47. Kf2 Kf7 48. Ke3 Ke6 49. Ke4 Kd6 50. g4 Rg7 51. Kf5 Rf7+ 52. Kg6 Rc7 53. Kf6 e4 54. Kf5 e3 55. Kf4 1-0

[Event "December 19 Late 2023"]
[Site "https://www.chess.com"]
[Date "2023.12.19"]
[Round "5"]
[White "User234564"]
[Black "Sanal, Vahap"]
[Result "0-1"]
[Board "22"]
[TimeControl "180+1"]
[BlackFideId "6300545"]
[WhiteElo "2653"]
[BlackElo "2637"]
[BlackTeam "TUR"]
[WhiteClock "0:00:41"]
[BlackClock "0:02:37"]

1. d4 d6 2. e4 Nf6 3. Nc3 e5 4. Nf3 Nbd7 5. Bc4 Be7 6. O-O O-O 7. Qe2 c6 8. Rd1 exd4 9. Nxd4 Re8 10. a4 Bf8 11. Be3 Nxe4 12. Nxe4 Rxe4 13. Qf3 d5 14. Bd3 Ne5 15. Qg3 Nxd3 16. cxd3 Re8 17. Bg5 Qd6 18. Bf4 Qg6 19. Re1 Bd7 20. h3 Bb4 21. Red1 Qxg3 22. fxg3 Bc5 0-1

[Event "December 19 Late 2023"]
[Site "https://www.chess.com"]
[Date "2023.12.19"]
[Round "5"]
[White "Mokshanov, Alexey"]
[Black "Grigoriants, Sergey"]
[Result "1-0"]
[Board "23"]
[TimeControl "180+1"]
[WhiteFideId "24121657"]
[BlackFideId "4130804"]
[WhiteElo "2278"]
[BlackElo "2532"]
[WhiteTeam "RUS"]
[BlackTeam "HUN"]
[WhiteClock "0:00:07"]
[BlackClock "0:00:07"]

1. e4 c5 2. Nf3 Nc6 3. Bb5 e6 4. Bxc6 bxc6 5. O-O Ne7 6. c4 Ng6 7. Nc3 e5 8. d3 d6 9. Ne1 Be7 10. Nc2 O-O 11. Ne3 Bg5 12. Nf5 Bxc1 13. Rxc1 Qf6 14. Ng3 Rb8 15. b3 Nf4 16. Nce2 Qg6 17. Qd2 Nxe2+ 18. Qxe2 f5 19. f4 fxe4 20. Qxe4 Qxe4 21. Nxe4 exf4 22. Nxd6 Bg4 23. Ne4 Be2 24. Rf2 Bxd3 25. Nxc5 Bf5 26. Rxf4 g5 27. Rf3 Rf7 28. Rcf1 Rbf8 29. h3 h5 30. R1f2 Kg7 31. Kh2 Kg6 32. g3 Rh8 33. a4 g4 34. Rf4 gxh3 35. Nd3 Re8 36. R4f3 Kg5 37. Nf4 Bg4 38. Nxh3+ Bxh3 39. Rxf7 Bg4 40. Rg7+ Kh6 41. Rc7 Re3 42. Rxc6+ Kg5 43. Rc5+ Kg6 44. Rc6+ Kg5 45. Rd2 Rxb3 46. Rd5+ Bf5 47. Rcc5 Rf3 48. Kg2 Kg4 49. Rd4+ 1-0

[Event "December 19 Late 2023"]
[Site "https://www.chess.com"]
[Date "2023.12.19"]
[Round "5"]
[White "Svane, Rasmus"]
[Black "Janaszak, Dawid"]
[Result "1-0"]
[Board "24"]
[TimeControl "180+1"]
[WhiteFideId "4657101"]
[BlackFideId "1119206"]
[WhiteElo "2597"]
[BlackElo "2218"]
[WhiteTeam "GER"]
[BlackTeam "POL"]
[WhiteClock "0:01:02"]
[BlackClock "0:00:04"]

1. Nf3 g6 2. e4 c5 3. Ke2 Bg7 4. g3 d5 5. d3 Nf6 6. Nbd2 Nc6 7. Bg2 e5 8. Re1 O-O 9. Kf1 dxe4 10. dxe4 b6 11. c3 Qd3+ 12. Kg1 Rd8 13. Bf1 Qd7 14. Qc2 Bb7 15. Nc4 Qe6 16. Bg5 h6 17. Bxf6 Bxf6 18. Ne3 Ne7 19. Kg2 Bg7 20. Bc4 Qc6 21. Ng4 Qc7 22. Qb3 Nc6 23. Qc2 h5 24. Ne3 Ne7 25. Rad1 Bh6 26. Nd5 Nxd5 27. Bxd5 Bxd5 28. exd5 Bg7 29. Ng5 Qe7 30. h4 Rd7 31. c4 Rad8 32. Qe2 Bh6 33. Ne4 Bg7 34. a3 Kh8 35. Rd3 Kg8 36. Red1 a6 37. Qd2 Kh8 38. b4 Rc8 39. bxc5 bxc5 40. d6 Qe6 41. Rd5 Qf5 42. Nxc5 Rdd8 43. Nb7 Rd7 44. Na5 Qe6 45. c5 Kh7 46. c6 Rdd8 47. Nb7 Bh6 48. Nxd8 Rxd8 49. Qc2 e4 50. c7 Rc8 51. d7 e3 52. dxc8=Q 1-0

[Event "December 19 Late 2023"]
[Site "https://www.chess.com"]
[Date "2023.12.19"]
[Round "5"]
[White "slidingknight2775"]
[Black "Rasulov, Vugar"]
[Result "1-0"]
[Board "25"]
[TimeControl "180+1"]
[BlackFideId "13402390"]
[WhiteElo "2647"]
[BlackElo "2517"]
[BlackTeam "AZE"]
[WhiteClock "0:00:07"]
[BlackClock "0:00:40"]

1. Nf3 Nf6 2. g3 e6 3. Bg2 d5 4. O-O Be7 5. d4 O-O 6. c4 dxc4 7. Qc2 b5 8. a4 Bb7 9. axb5 a6 10. bxa6 Nxa6 11. Qxc4 Bd5 12. Qd3 Nb4 13. Rxa8 Qxa8 14. Qd1 c5 15. Nc3 Bc6 16. dxc5 Bxc5 17. Bf4 h6 18. Qb3 Nfd5 19. Bd2 Rb8 20. Qc4 Be7 21. Nxd5 Bxd5 22. Qg4 Kf8 23. Bc3 f6 24. Nh4 Bxg2 25. Nxg2 Kf7 26. Nf4 Qe4 27. Qh5+ Kg8 28. Qf3 Qxf3 29. exf3 Kf7 30. Re1 e5 31. Ne2 h5 32. h4 g6 33. f4 e4 34. Nd4 f5 35. Bxb4 Rxb4 36. Nc6 Rxb2 37. Nxe7 Kxe7 38. f3 Rb4 39. fxe4 fxe4 40. Kf2 Kf6 41. Rc1 Rb3 42. Rc6+ Kf5 43. Rc5+ Kg4 44. Rg5+ Kh3 45. Rxg6 Rf3+ 46. Ke2 Rxg3 47. Rxg3+ Kxg3 48. f5 Kxh4 49. f6 Kg3 50. f7 h4 51. f8=Q h3 52. Qf1 h2 53. Qh1 e3 54. Kxe3 Kh3 55. Kf4 Kh4 56. Qxh2# 1-0

[Event "December 19 Late 2023"]
[Site "https://www.chess.com"]
[Date "2023.12.19"]
[Round "5"]
[White "Bjelobrk, Igor"]
[Black "Chigaev, Maksim"]
[Result "1-0"]
[Board "26"]
[TimeControl "180+1"]
[WhiteFideId "4300726"]
[BlackFideId "4108116"]
[WhiteElo "2319"]
[BlackElo "2561"]
[WhiteTeam "AUS"]
[BlackTeam "ESP"]
[WhiteClock "0:00:12"]
[BlackClock "0:00:03"]

1. d4 Nf6 2. c4 e6 3. g3 c5 4. d5 exd5 5. cxd5 d6 6. Nc3 g6 7. Nf3 Bg7 8. Bg2 O-O 9. O-O Re8 10. Re1 Bg4 11. Nd2 Na6 12. Nc4 Nc7 13. Bf4 Bf8 14. a4 Nh5 15. Bd2 b6 16. h3 Bd7 17. g4 Nf6 18. Bf4 Bc8 19. e4 Na6 20. Nb5 h5 21. g5 Nh7 22. Qd2 Re5 23. h4 f6 24. gxf6 Qxf6 25. Nxe5 dxe5 26. Bg3 Bd7 27. f4 Bh6 28. Rf1 Rf8 29. Rf2 exf4 30. Bh2 Qxh4 31. e5 Bh3 32. Raf1 Bxg2 33. Rxg2 Ng5 34. Kh1 f3 35. Rg3 Qe4 36. Nc3 Qh4 37. e6 Kh7 38. e7 Re8 39. d6 Ne4 40. Qe1 Nxg3+ 41. Qxg3 Qxg3 42. Bxg3 Nb8 43. Nd5 Bg5 44. Nc7 Rxe7 45. dxe7 Bxe7 46. Nd5 Nc6 47. Rxf3 Bg5 48. Rf7+ Kh6 49. Rc7 Nd4 50. Rxa7 h4 51. Bf2 Ne2 52. Nxb6 Kh5 53. a5 Bf4 54. Re7 g5 55. Rxe2 1-0

[Event "December 19 Late 2023"]
[Site "https://www.chess.com"]
[Date "2023.12.19"]
[Round "5"]
[White "Karttunen, Mika"]
[Black "Kamsky, Gata"]
[Result "0-1"]
[Board "27"]
[TimeControl "180+1"]
[WhiteFideId "502081"]
[BlackFideId "2000024"]
[WhiteElo "2396"]
[BlackElo "2660"]
[WhiteTeam "FIN"]
[BlackTeam "USA"]
[WhiteClock "0:00:02"]
[BlackClock "0:00:10"]

1. d4 f5 2. Nc3 Nf6 3. Bg5 d5 4. Bxf6 exf6 5. e3 Be6 6. Bd3 Nc6 7. a3 Qd7 8. Nge2 g6 9. Na4 b6 10. Nac3 Na5 11. Nf4 Bf7 12. b3 Be7 13. Qf3 Rd8 14. h3 Kf8 15. g4 fxg4 16. hxg4 Kg7 17. Kd2 c5 18. Qh3 h6 19. Rag1 cxd4 20. exd4 Nc4+ 21. Ke2 Rde8 22. Nh5+ Kf8 23. bxc4 dxc4 24. Be4 gxh5 25. Qe3 Bd6 26. Kf1 hxg4 27. Rxh6 Rxh6 28. Qxh6+ Ke7 29. Nd5+ Bxd5 30. Bxd5 Qf5 31. Qg7+ Kd8 32. Bc6 Re7 33. Qf8+ Kc7 34. Qa8 Qc8 35. Qxa7+ Kxc6 36. Qa4+ b5 37. Qa5 f5 38. Rh1 Qb7 39. Rh6 Kd5 40. Qc3 Bf4 41. Qb4 Bxh6 42. Qc5+ Ke4 43. Ke2 Kf4+ 44. Kf1 Qh1# 0-1

[Event "December 19 Late 2023"]
[Site "https://www.chess.com"]
[Date "2023.12.19"]
[Round "5"]
[White "Popov, Konstantin"]
[Black "Melian, Juan Sebastian"]
[Result "1-0"]
[Board "28"]
[TimeControl "180+1"]
[WhiteFideId "34137910"]
[BlackFideId "3706575"]
[WhiteElo "2340"]
[BlackElo "2098"]
[WhiteTeam "FID"]
[BlackTeam "PAR"]
[WhiteClock "0:01:58"]
[BlackClock "0:00:32"]

1. e4 c5 2. Nf3 e6 3. d4 cxd4 4. Nxd4 Nc6 5. Nc3 Qc7 6. Nxc6 Qxc6 7. Bd3 a6 8. O-O b5 9. Re1 Bb7 10. a4 b4 11. Nd5 Bc5 12. Qg4 Kf8 13. Nf4 Nf6 14. Qg3 h5 15. Be3 h4 16. Qf3 Bxe3 17. Rxe3 d6 18. a5 Rc8 19. Qe2 g5 20. Nh3 g4 21. Nf4 e5 22. Nd5 Nxd5 23. exd5 Qd7 24. Re4 Rxc2 1-0

[Event "December 19 Late 2023"]
[Site "https://www.chess.com"]
[Date "2023.12.19"]
[Round "5"]
[White "Szpar, Milosz"]
[Black "Principe, Gerson"]
[Result "1-0"]
[Board "29"]
[TimeControl "180+1"]
[WhiteFideId "1184989"]
[BlackFideId "3804550"]
[WhiteElo "2446"]
[BlackElo "2186"]
[WhiteTeam "POL"]
[BlackTeam "PER"]
[WhiteClock "0:00:06"]
[BlackClock "0:00:02"]

1. e4 c6 2. d4 d5 3. e5 Bf5 4. h4 h5 5. c4 e6 6. Nc3 Nd7 7. cxd5 cxd5 8. Bd3 Bxd3 9. Qxd3 a6 10. Bg5 Be7 11. Nf3 Nh6 12. O-O Nb6 13. Ne2 Nf5 14. g3 Bxg5 15. Nxg5 O-O 16. Rad1 g6 17. Nf4 Qe7 18. Kg2 Rac8 19. Rh1 Rc4 20. Nf3 Rfc8 21. Rd2 Nd7 22. Kh3 b5 23. Qe2 Kg7 24. g4 hxg4+ 25. Kxg4 Rh8 26. h5 g5 27. Ng2 Nh6+ 28. Kg3 g4 29. Nfh4 Qg5 30. Qe3 Qe7 31. Nf4 b4 32. Kg2 a5 33. f3 g3 34. Kxg3 Qxh4+ 35. Rxh4 Nf5+ 36. Kf2 Nxe3 37. Kxe3 Rc1 38. h6+ Kf8 39. h7 Rg1 40. Rdh2 Nb6 41. Kf2 Rg7 42. b3 Ke7 43. Nd3 Nd7 44. Ke3 f6 45. exf6+ Kxf6 46. Nf4 Ke7 47. Rh6 Nf8 48. Rc2 Kd6 49. Rc8 Rhxh7 50. Rxh7 Nxh7 51. Ra8 Nf6 52. Ra6+ Kd7 53. Rxe6 Nh5 54. Ra6 Nxf4 55. Ra7+ Ke6 56. Rxg7 Nh5 57. Ra7 Nf6 58. Rxa5 1-0

[Event "December 19 Late 2023"]
[Site "https://www.chess.com"]
[Date "2023.12.19"]
[Round "5"]
[White "Beerdsen, Thomas"]
[Black "Rojas Alarcon, Julian Antonio"]
[Result "1-0"]
[Board "30"]
[TimeControl "180+1"]
[WhiteFideId "1030108"]
[BlackFideId "5107407"]
[WhiteElo "2550"]
[BlackElo "2340"]
[WhiteTeam "NED"]
[BlackTeam "MEX"]
[WhiteClock "0:02:14"]
[BlackClock "0:00:47"]

1. e4 c5 2. Nf3 d6 3. d4 cxd4 4. Nxd4 Nf6 5. Nc3 g6 6. h3 Bg7 7. Nf3 O-O 8. Bc4 a6 9. Qe2 b5 10. Bb3 Nbd7 11. O-O Bb7 12. Bg5 Rc8 13. Rad1 Rxc3 14. bxc3 Nxe4 15. Bd2 Nxc3 16. Bxc3 Bxc3 17. a4 b4 18. Qe3 Nc5 19. Qh6 Bg7 20. Qf4 a5 21. Rfe1 Bc6 22. Ng5 d5 23. Qh4 h6 24. Nf3 e6 25. Qf4 Bb5 26. axb5 a4 27. Qxb4 Qb6 28. Bxa4 Rc8 29. Bb3 Ne4 30. Rxe4 dxe4 31. Qxe4 Qxb5 32. Bxe6 Re8 33. Qd5 1-0

[Event "December 19 Late 2023"]
[Site "https://www.chess.com"]
[Date "2023.12.19"]
[Round "5"]
[White "Durarbayli, Vasif"]
[Black "Sivakumar, Shaaketh"]
[Result "1-0"]
[Board "31"]
[TimeControl "180+1"]
[WhiteFideId "13402935"]
[BlackFideId "30940176"]
[WhiteElo "2551"]
[BlackElo "2292"]
[WhiteTeam "AZE"]
[BlackTeam "USA"]
[WhiteClock "0:00:09"]
[BlackClock "0:00:24"]

1. e4 e6 2. d4 d5 3. Nc3 Bb4 4. e5 Ne7 5. a3 Bxc3+ 6. bxc3 c5 7. Qg4 Kf8 8. a4 b6 9. Nf3 Ba6 10. Bb5 Bxb5 11. axb5 a5 12. dxc5 bxc5 13. c4 dxc4 14. Ba3 Nd7 15. O-O Qc7 16. Qxc4 Rc8 17. Rad1 Nd5 18. Rxd5 exd5 19. Qxd5 Nb6 20. Qe4 Qd7 21. c4 Qe6 22. Rc1 Rc7 23. Nd4 Qh6 24. f4 Kg8 25. Nb3 Nd7 26. Rd1 g6 27. e6 Nf6 28. e7 Kg7 29. Bb2 Re8 30. Bxf6+ Kg8 31. Rd8 Rxe7 32. Qxe7 1-0

[Event "December 19 Late 2023"]
[Site "https://www.chess.com"]
[Date "2023.12.19"]
[Round "5"]
[White "Salinas Herrera, Pablo"]
[Black "Ozates, Tuna"]
[Result "1-0"]
[Board "32"]
[TimeControl "180+1"]
[WhiteFideId "3407128"]
[BlackFideId "6354521"]
[WhiteElo "2538"]
[BlackElo "2151"]
[WhiteTeam "CHI"]
[BlackTeam "TUR"]
[WhiteClock "0:01:28"]
[BlackClock "0:01:05"]

1. d4 Nf6 2. Nf3 e6 3. Bf4 b6 4. Nbd2 Bb7 5. e3 Be7 6. Bd3 d5 7. Ne5 Nbd7 8. Qf3 Nxe5 9. dxe5 Nd7 10. Qg3 Kf8 11. h4 c5 12. h5 h6 13. c4 Bg5 14. O-O-O Bxf4 15. exf4 b5 16. cxd5 Bxd5 17. Be4 Nb6 18. Kb1 Qe7 19. Bxd5 Nxd5 20. Ne4 c4 21. Nd6 b4 22. Nxc4 a5 23. f5 a4 24. fxe6 Qxe6 25. Qf3 Rd8 26. Ne3 Nc3+ 27. bxc3 Rb8 28. c4 a3 29. Qd5 b3 30. Qd6+ 1-0

[Event "December 19 Late 2023"]
[Site "https://www.chess.com"]
[Date "2023.12.19"]
[Round "5"]
[White "Hajiyev, Kanan"]
[Black "Livaic, Leon"]
[Result "0-1"]
[Board "33"]
[TimeControl "180+1"]
[WhiteFideId "13404148"]
[BlackFideId "14531534"]
[WhiteElo "2102"]
[BlackElo "2541"]
[WhiteTeam "AZE"]
[BlackTeam "CRO"]
[WhiteClock "0:00:00"]
[BlackClock "0:00:25"]

1. d4 Nf6 2. Nf3 b6 3. g3 Bb7 4. Bg2 g6 5. O-O Bg7 6. b3 O-O 7. Bb2 d6 8. c4 e6 9. Nc3 Ne4 10. Qc2 Nxc3 11. Bxc3 Nd7 12. Rfd1 a5 13. a3 Qe7 14. Nh4 Bxg2 15. Nxg2 c6 16. Rac1 d5 17. Bb2 Rfc8 18. cxd5 exd5 19. Qd2 a4 20. b4 b5 21. Qe3 Qxe3 22. Nxe3 Bh6 23. f4 Nb6 24. Kf2 Rc7 25. Rc5 Bf8 26. Rc3 f5 27. Rdc1 Rac8 28. Kf3 Bg7 29. Rd3 Kf7 30. Rc5 Bf8 31. Rc1 Ke6 32. h3 Nc4 33. Nxc4 dxc4 34. Re3+ Kf7 35. g4 Bg7 36. Bc3 Rd7 37. gxf5 gxf5 38. Rg1 Bf6 39. Rd1 Rcd8 40. Re5 Bxe5 41. fxe5 Rg8 42. Kf4 Ke6 43. Kf3 Rdg7 44. Bd2 Rg1 45. Be1 Rf1+ 46. Ke3 Rgg1 47. Kd2 c3+ 0-1